 Dungeon Crawl Stone Soup version 0.14.0-12-g87ee3b7 (webtiles) character file.

268 sprout the Covert (level 5, 0/38 HPs)
             Began as a Vampire Assassin on Apr 15, 2014.
             Killed from afar by Placid's ghost (6 damage)
             ... with a zap
             ... on Level 3 of the Dungeon.
             The game lasted 00:07:52 (1804 turns).

sprout the Covert (Vampire Assassin)                Turns: 1804, Time: 00:07:53

HP   0/38        AC  3     Str 10      XL: 5   Next: 13%
MP   5/5         EV 13     Int 13      God:
Gold 114         SH  0     Dex 16      Spells:  0 memorised,  4 levels left

rFire  . . .     SeeInvis +     a - +2 dagger
rCold  . . .     Clarity  .     c - +0 robe
rNeg   . . .     Conserve .     (no shield)
rPois  .         rCorr    .     (no helmet)
rElec  .         rRot     .     d - +0 cloak
SustAb . .       Spirit   .     (no gloves)
rMut   .         Warding  .     (no boots)
Saprov . . .     Stasis   .     (no amulet)
MR     .....                    (no ring)
                                (no ring)

@: regenerating quickly, lethally poisoned, not resistant to hostile
enchantments, very stealthy
A: fangs 3, see invisible, unbreathing
a: no special abilities


You were on level 3 of the Dungeon.
You were full.

You visited 1 branch of the dungeon, and saw 3 of its levels.

You collected 114 gold pieces.

Inventory:

Hand weapons
 a - a +2,+2 dagger (weapon)
 b - a +0 blowgun
Missiles
 e - 8 poisoned needles
 f - 2 curare-tipped needles
 h - 17 arrows
Armour
 c - a +0 robe (worn)
 d - a +0 cloak (worn)
Scrolls
 i - 2 scrolls of identify {unknown}
 j - a scroll of noise {unknown}
 m - 3 scrolls of remove curse {unknown}
 n - a scroll of enchant weapon I {unknown}
 o - a scroll of enchant weapon II {unknown}
 p - a scroll of immolation {unknown}
 r - a scroll of random uselessness {unknown}
 s - 3 scrolls of recharging {unknown}
Potions
 g - a potion of blood
 k - a potion of curing {unknown}
 l - 3 potions of restore abilities {unknown}
 q - 2 potions of flight {unknown}


   Skills:
 + Level 2.1 Fighting
 + Level 2.5 Short Blades
 + Level 1.6 Throwing
 + Level 3.1 Dodging
 + Level 8.2 Stealth


You had 4 spell levels left.
You didn't know any spells.

Dungeon Overview and Level Annotations

Branches:
Dungeon (3/15)

Altars:

Annotations:
D:3 Placid's ghost, average TeAE


Innate Abilities, Weirdness & Mutations

Your natural rate of healing is unusually fast.
You have razor-sharp teeth.*
You have supernaturally acute eyesight.
You can survive without breathing.*


Message History

The rat completely misses you.
Placid's ghost gestures at you while chanting.
The zap hits you!
You feel sick.
Placid's ghost points at you and mumbles some strange words.
The zap hits you!
* * * LOW HITPOINT WARNING * * *
You feel sick.
You feel sick.
You feel sick.
You feel sick.
There is a stone staircase leading up here.
You aren't carrying or standing over any spellbooks.
The giant mite bites you.
* * * LOW HITPOINT WARNING * * *
Placid's ghost gestures at you while chanting.
The zap hits the giant mite.
The giant mite dies!
The zap hits you!
You die...

.....#...#..#.....
#....$...........
#................
#...........%....
#..............[..
#........p#######
#.........#
#.......r%#
###........@#
............##
###........#######
#######........#
+.).....>+
#........#
##########


You could see Placid's ghost and a rat.

Vanquished Creatures
  4 gnolls (D:2)
  6 adders (D:2)
  A giant mite (D:3)
  2 giant geckos
  3 oozes (D:1)
  An orc (D:3)
  4 ball pythons
  2 giant cockroaches
  8 goblins
  4 hobgoblins
  A quokka (D:2)
  12 bats
  A giant newt (D:2)
  3 kobolds
  3 rats (D:1)
55 creatures vanquished.

Vanquished Creatures (others)
  A giant mite (D:3)
1 creature vanquished.

Grand Total: 56 creatures vanquished

Notes
Turn   | Place    | Note
--------------------------------------------------------------
     0 | D:1      | sprout, the Vampire Assassin, began the quest for the Orb.
     0 | D:1      | Reached XP level 1. HP: 16/16 MP: 1/1
    34 | D:1      | Reached skill level 6 in Stealth
   147 | D:1      | Reached XP level 2. HP: 17/22 MP: 2/2
   564 | D:1      | Reached skill level 7 in Stealth
   657 | D:1      | Reached XP level 3. HP: 25/27 MP: 3/3
  1082 | D:2      | Reached XP level 4. HP: 28/33 MP: 4/4
  1435 | D:2      | Reached skill level 8 in Stealth
  1689 | D:2      | Reached XP level 5. HP: 38/38 MP: 5/5
  1778 | D:3      | Noticed Placid's ghost (average TeAE)
  1804 | D:3      | Killed from afar by Placid's ghost

Action                   |  1- 3 |  4- 6 || total
-------------------------+-------+-------++-------
Melee: Dagger            |   107 |    81 ||   188
 Stab: Sleeping          |     8 |     7 ||    15
